 Dungeon Crawl Stone Soup version 0.23-a0-32-g1388f29 (webtiles) character file.

84 glosham the Skirmisher (level 4, -7/44 HPs)
             Began as a Minotaur Abyssal Knight on Aug 4, 2018.
             Was a Follower of Lugonu.
             Killed from afar by an ancient lich (20 damage)
             ... with a bolt of acid
             ... on level 1 of the Abyss.
             The game lasted 00:03:59 (193 turns).

glosham the Skirmisher (Minotaur Abyssal Knight)     Turns: 193, Time: 00:03:59

Health: -7/44      AC:  3    Str: 16    XL:     4   Next: 23%
Magic:  4/4        EV: 11    Int:  9    God:    Lugonu [*.....]
Gold:   0          SH:  0    Dex: 11    Spells: 3/3 levels left

rFire    . . .     SeeInvis .   b - +2 hand axe (freeze)
rCold    . . .     Gourm    .   (no shield)
rNeg     . . .     Faith    .   d - +0 leather armour
rPois    .         Spirit   .   (helmet restricted)
rElec    .         Reflect  .   (no cloak)
rCorr    .         Harm     .   (no gloves)
MR       .....                  (no boots)
Stlth    +.........             (no amulet)
HPRegen  0.14/turn              (no ring)
MPRegen  0.09/turn              (no ring)

@: no status effects
A: retaliatory headbutt, horns 2
a: Depart the Abyss, Renounce Religion


You were on level 1 of the Abyss.
You worshipped Lugonu.
Lugonu was aware of your devotion.
You were not hungry.

You visited 0 branches of the dungeon, and saw 0 of its levels.
You visited the Abyss 1 time.

Inventory:

Hand Weapons
 a - a +1 falchion
 b - a +2 hand axe of freezing (weapon)
Armour
 d - a +0 leather armour (worn)
Comestibles
 c - a ration


   Skills:
 * Level 6.2 Fighting
 - Level 2.4 Long Blades
 - Level 2.4 Armour
 - Level 1.1 Dodging
 - Level 1.7 Invocations


You had 3 spell levels left.
You didn't know any spells.
Your spell library was empty.

Dungeon Overview and Level Annotations

Branches:
Dungeon (0/15)

Altars:


Innate Abilities, Weirdness & Mutations

You reflexively headbutt those who attack you in melee.
You have a pair of horns on your head.


Message History

You feel agile.
You have reached level 4!
You feel agile.
The substance of the Abyss twists violently, and a gateway leading out appears!
A small abomination comes into view.
Found a glowing hand axe.
Found a scroll labeled LIGUPAURON.
You see here a glowing hand axe.
d - a glowing hand axe Wield which item (- for none, * to show all)? (? for menu, Esc to quit)
Your +2 hand axe of freezing glows with a cold blue light!
d - a +2 hand axe of freezing (weapon)
You see here a scroll labeled LIGUPAURON.
As you read the scroll labeled LIGUPAURON, it crumbles to dust.
You feel momentarily disoriented.
It was a scroll of magic mapping.
Adjust (i)tems, (s)pells, or (a)bilities?
Adjust which item? (? for menu, Esc to quit)
d - a +2 hand axe of freezing (weapon)
Adjust to which letter? (? for menu, Esc to quit)
b - a +2 hand axe of freezing (weapon);
d - a +0 leather armour (worn)
Found 27 stones.
Found a scroll labeled YQICUMY LORI.
You see here a scroll labeled YQICUMY LORI.
As you read the scroll labeled YQICUMY LORI, it crumbles to dust.
The scroll dissolves into smoke.
It was a scroll of fog.
A large abomination comes into view.
An ancient lich comes into view.
The ancient lich shouts!
The large abomination closely misses you.
The large abomination hits you!!
Ouch! That really hurt!
You barely miss the large abomination.
Your headbutt misses the large abomination.
The large abomination barely misses you.
You barely miss the large abomination.
The large abomination hits you but does no damage.
You hit the ancient lich but do no damage.
The ancient lich casts a spell at you. The bolt of acid hits you!
You die...

. # .. ..
### .#
#.## .####
##@.##.#
.# #L###
...##
#####X #.
#...L.# #
##..#..#.#
###.
##...#.##
# #
#.#.#.# #
.#
##....#. #
.#
#.###.##
... ##..
..## #.
.#..


You could see an ancient lich and a large abomination.

Vanquished Creatures
  An eye of draining (Abyss:1)
1 creature vanquished.

Notes
Turn   | Place    | Note
-------+----------+-------------------------------------------
     0 | Abyss:1  | glosham the Minotaur Abyssal Knight began the quest for the Orb.
     0 | Abyss:1  | Reached XP level 1. HP: 19/19 MP: 1/1
    35 | Abyss:1  | Noticed an eye of draining
    52 | Abyss:1  | Killed an eye of draining
    52 | Abyss:1  | Reached skill level 6 in Fighting
    52 | Abyss:1  | Reached XP level 2. HP: 30/30 MP: 0/2
    52 | Abyss:1  | Reached XP level 3. HP: 37/37 MP: 0/3
    52 | Abyss:1  | Reached XP level 4. HP: 44/44 MP: 0/4
   175 | Abyss:1  | Noticed a large abomination
   180 | Abyss:1  | Noticed an ancient lich
   193 | Abyss:1  | Killed from afar by an ancient lich

Vault maps used:
Abyss:1:  minivault_13

Skill      XL: |  1 |
---------------+----+-----
Fighting       | 6 |  6.2
Long Blades    | |  2.4
Armour         | |  2.4
Dodging        | |  1.1
Invocations    | |  1.7

Action                   |  1- 3 |  4- 6 || total
-------------------------+-------+-------++-------
Melee: Falchion          |    13 |       ||    13
       Headbutt          |     2 |       ||     2
       Hand axe          |       |     3 ||     3
  Use: Scroll            |       |     2 ||     2
Armor: Leather armour    |       |     1 ||     1
Dodge: Dodged            |       |     2 ||     2

Table legend:
 A = Spawn XP
 B = Non-spawn XP
 C = Spawn XP percentage of total XP
 D = Spawn monster count
 E = Non-spawn monster count
 F = Spawn count percentage of total count
 G = Total turns spent on level
                    A         B        C        D         E        F      G
               +---------+---------+-------+---------+---------+-------+---------
         Total |       0 |     120 |   0.0 |       0 |       1 |   0.0 |   193
               +---------+---------+-------+---------+---------+-------+---------
       Abyss:1 |       0 |     120 |   0.0 |       0 |       1 |   0.0 |   193
               +---------+---------+-------+---------+---------+-------+---------

Table legend:
 A = Turns spent in this place as a percentage of turns spent in the entire game.
 B = Non-inter-level travel turns spent in this place as a percentage of non-inter-level travel turns spent in the entire game.
 C = Inter-level travel turns spent in this place as a percentage of turns spent in this place.
 D = Turns resting spent in this place as a percentage of non-inter-level travel turns spent in this place.
 E = Turns spent auto-exploring this place as a percentage of non-inter-level travel turns spent in this place.
 F = Non-inter-level travel turns spent in this place divided by the number of levels of this place that you've seen.
                   A       B       C       D       E      F
               +-------+-------+-------+-------+-------+----------------------
         Total | 100.0 | 100.0 |   0.0 |   0.0 |   0.0 | 193.0
         Abyss | 100.0 | 100.0 |   0.0 |   0.0 |   0.0 | 193.0
               +-------+-------+-------+-------+-------+----------------------

Table legend:
 A = Kills in this place as a percentage of kills in entire the game.
 B = Kills by you in this place as a percentage of kills by you in the entire game.
 C = Kills by friends in this place as a percentage of kills by friends in the entire game.
 D = Other kills in this place as a percentage of other kills in the entire game.
 E = Experience gained in this place as a percentage of experience gained in the entire game.
 F = Experience gained in this place divided by the number of levels of this place that you have seen.
                   A       B       C       D       E      F
               +-------+-------+-------+-------+-------+----------------------
         Total | 100.0 | 100.0 |   N/A |   N/A | 100.0 | 120.0
         Abyss | 100.0 | 100.0 |   N/A |   N/A | 100.0 | 120.0
               +-------+-------+-------+-------+-------+----------------------

Vault maps used:
Abyss:1:  minivault_13
